Arrhythmia, neutral female human Tourist ...........................*............................................... .. ---...---...---...---...---...---...---...---...---...---...---...---... ... |...| |...| |*..| |...| |...| |...| |...| |...| |...| |...| |...| |... ...-+-...-+-...-+-...-+-*..-+-...-+-...-+-...-+-*..-+-...-+-...-+-...-+-... ....@........:........*........*..*....*................................... .....*f...................%......*..*.*.....^.............................. ................*..........#............................................... *......*................................................................... ............................................................#.............. ......#....................*..........*.................................... ........................*....*............................................. ...........................*.......*....................................... .....*..................................................................... ..................................................*........................ ..........*..........#..................................#.................. ..*.*..*............................*...................................... ........................................................................... ...-+-...-+-...-+-...-+-...-+-...-+-...-+-...-+-...-+-.*.-+-...-+-...-+-... ... |...| |..o| |...| |...| |**.| |...| |*..| |...| |...| |...| |..*| |... ... -...- -...- -...- -...- -...- -*..- -...- -...- -...- -..*- -*..- -... ..* .... ..... ..*.. ..... ..... ..... ..... ..... ..... ..... ..... ... Arrhythmia the Rambler Experience level: 1 Strength: 16 Dexterity: 12 Constitution: 13 Intelligence: 15 Wisdom: 8 Charisma: 16 Health: 10(10) Energy: 2(2) AC: 3 Gold: 1190 Moves: 1163 Your Inventory: Coins $ - 1190 gold pieces Weapons a - 30 uncursed +2 darts (in quiver) x - a cursed [-1] mace (weapon in hand) D - 7 [cursed -1] darts Armor m - an uncursed +0 Hawaiian shirt (being worn) p - an [uncursed] +0 plate mail (being worn) Comestibles c - 2 uncursed tripe rations d - 2 uncursed food rations e - an uncursed cram ration f - an uncursed cream pie g - an uncursed fortune cookie h - an uncursed [stale] egg Scrolls l - 4 uncursed scrolls of magic mapping s - an [uncursed] scroll labeled HACKEM MUCHE [of light] t - a [blessed] scroll labeled PHOL ENDE WODAN [of gold detection] Potions j - an uncursed potion of extra healing k - a blessed potion of extra healing Rings u - an [uncursed] wire ring [of hunger] Wands q - an [uncursed] glass wand [of opening (0:6)] Tools n - an uncursed expensive camera (0:88) o - an uncursed credit card Spells known in the end: Name Level Category Fail Memory Your skills at the end: Fighting Skills Weapon Skills dart [Basic / Expert] Spellcasting Skills Final Attributes: You were fervently aligned. Hunger level was 856. Your alignment was 11 / 15. Monster difficulty range was 0 - 1. Level difficulty was 2. Your luck was zero. You survived. Vanquished creatures: a gecko 3 jackals a kobold 2 goblins 3 grid bugs 2 lichens a kobold zombie 3 newts 16 creatures vanquished. Voluntary challenges: You used a wielded weapon 11 times. You read items or engraved 4 times. You put on armor 2 times. You never genocided any monsters. You never polymorphed an object. You never changed form. You used no wishes. You wrote Elbereth's name 2 times. You never encountered a bones level. You never used any Sokoban shortcuts. Dungeon overview: The Dungeons of Doom: levels 1 to 2 Level 1 a long staircase Level 2 portal to Advent Calendar Advent Calendar: Level 2 <- You were here many trees portal to The Dungeons of Doom History has recorded: On T:1 you entered the Dungeons of Doom to retrieve the Amulet of Yendor! On T:406 you reached level 2 of The Dungeons of Doom. On T:477 you reached level 1 of Advent Calendar. Latest messages: This door is locked. Katia picks up a gem. Katia drops a gem. You stop picking the lock. [22 turns] This door is locked. You resume your attempt at picking the lock. Katia bites the newt. The newt is killed! Katia picks up a gem. Katia drops a gem. You give up your attempt at picking the lock. [30 turns] This door is locked. Katia picks up a gem. Katia drops a gem. Katia picks up a gem. Katia drops a gem. Katia picks up a gem. You stop picking the lock. Katia drops a gem. [46 turns] Final status: Aloha Arrhythmia the Tourist... You quit in Advent Calendar on dungeon level 2 with 425 points, and 1190 pieces of gold, after 1163 moves. You were level 1 with a maximum of 10 hit points when you quit.